 Dungeon Crawl Stone Soup version 0.31-a0-983-g7b6862f502 (webtiles) character file.

Game seed: 11161334364007776679

587 strifetoe the Magician (level 7, -2/54 HPs)
             Began as a Djinni Conjurer on Nov 2, 2023.
             Killed from afar by Ijyb (12 damage)
             ... with a bolt of acid
             ... on level 5 of the Dungeon.
             The game lasted 00:08:26 (3377 turns).

strifetoe the Magician (Djinni Conjurer)            Turns: 3377, Time: 00:08:27

Health: -2/54      AC:  2    Str:  6    XL:     7   Next: 65%
Gold:   175        EV: 12    Int: 22    God:
                   SH:  0    Dex: 11

rFire   + + .        j - +0 dagger
rCold   . . .        (no shield)
rNeg    . . .        a - +0 robe
rPois   ∞            (no helmet)
rElec   .            (no cloak)
rCorr   .            (no gloves)
SInv    .            (boots unavailable)
Will    .....        (no amulet)
Stlth   ++           b - ring of protection from cold
HPRegen 0.29/turn    (no ring)
MPRegen 0.00/turn

%: infuse magic (-3 HP)
@: flying, very slightly contaminated
A: sickness immunity, fire resistance 2, cold vulnerability 1, float, innate
caster, HP casting, extra vitality 1
a: no special abilities


You were on level 5 of the Dungeon.
You visited 1 branch of the dungeon, and saw 5 of its levels.

You collected 175 gold pieces.

Inventory:

Hand Weapons
 j - a +0 dagger (weapon)
Armour
 a - a +0 robe (worn)
Jewellery
 b - a ring of protection from cold (left hand)
 m - a ring of fire
 o - an amulet of faith
Scrolls
 c - a scroll of blinking {unknown}
 d - 2 scrolls of fog {unknown}
 e - 4 scrolls of teleportation
 f - 2 scrolls of identify {unknown}
 g - 2 scrolls of fear {unknown}
 h - a scroll of enchant armour {unknown}
 i - 2 scrolls of amnesia {unknown}
Potions
 k - a potion of invisibility {unknown}
 l - a potion of curing {unknown}
 n - a potion of might {unknown}
 p - a potion of attraction {unknown}


   Skills:
 + Level 5.2 Fighting
 - Level 2.1 Dodging
 - Level 1.5 Stealth
 + Level 5.3 Spellcasting
 + Level 5.3 Conjurations
 + Level 5.3 Hexes
 + Level 5.3 Summonings
 + Level 5.3 Necromancy
 + Level 5.3 Translocations
 + Level 5.3 Transmutations
 + Level 5.3 Fire Magic
 + Level 5.3 Ice Magic
 + Level 5.3 Air Magic
 + Level 5.3 Earth Magic
 + Level 5.3 Poison Magic


You knew the following spells:

 Your Spells              Type           Power      Damage    Failure   Level
a - Magic Dart            Conj           100%       1d8       1%          1
b - Searing Ray           Conj           58%        2d6       1%          2
c - Dazzling Flash        Conj/Hex       58%        N/A       3%          3
d - Fulminant Prism       Conj/Hex       14%        3d8       11%         4
e - Iskenderun's Mystic   Conj/Tloc      29%        2d7       11%         4
f - Slow                  Hex            100%       N/A       1%          1
g - Wereblood             Tmut           29%        N/A       1%          2
h - Call Canine Familiar  Summ           29%        N/A       3%          3
Your spell library was empty.

Dungeon Overview and Level Annotations

Branches:
Dungeon (5/15)
 Temple: D:4-7

Altars:
Elyvilon

Shops:
D:3 (

Annotations:
D:5 Ijyb


Innate Abilities, Weirdness & Mutations

You are immune to sickness and miasma.
You are immune to poison.
Your flesh is very heat resistant. (rF++)
You are vulnerable to cold. (rC-)
You float through the air rather than walking.
You learn spells naturally, not from books.
Your magical power is your life essence.
You have superior vitality. (+4 MHP)


Message History

Okay, then.
Casting: Iskenderun's Mystic Blast (dangerous; 11% risk of failure)
Confirm with . or Enter, or press ? or * to list all spells.
Aiming: Searing Ray (safe; 1% risk of failure)
Press: ? - help, Shift-Dir - straight line, f/p - Ijyb
Aim: Ijyb, wielding a +4 dagger of protection, wearing a +0 ring mail and carrying a wand of acid (lightly wounded, ally target, 77% to hit)
The searing ray misses Ijyb. (Press . to maintain the ray.)
Your hound bites Ijyb but does no damage.
Ijyb zaps a wand.
The bolt of acid hits you!
Your hound bites Ijyb but does no damage.
Casting: Searing Ray (safe; 1% risk of failure)
Confirm with . or Enter, or press ? or * to list all spells.
Restarting spell: Searing Ray (safe; 1% risk of failure)
Press: ? - help, Shift-Dir - straight line, f/p - Ijyb
Aim: Ijyb, wielding a +4 dagger of protection, wearing a +0 ring mail and carrying a wand of acid (lightly wounded, ally target, 77% to hit)
The searing ray hits Ijyb but does no damage.
Ijyb is lightly wounded. (Press . to maintain the ray.)
* * * LOW HITPOINT WARNING * * *
Ijyb screams, "Me very upset!"
Ijyb hits you with a +4 dagger of protection.
* * * LOW HITPOINT WARNING * * *
Your hound barely misses Ijyb.
Unknown command.
Unknown command.
Sorry, you're not good enough to have a special ability.
Okay, then.
Casting: Searing Ray (safe; 1% risk of failure)
Confirm with . or Enter, or press ? or * to list all spells.
Restarting spell: Searing Ray (safe; 1% risk of failure)
Press: ? - help, Shift-Dir - straight line, f/p - Ijyb
Aim: Ijyb, wielding a +4 dagger of protection, wearing a +0 ring mail and carrying a wand of acid (lightly wounded, ally target, 77% to hit)
The searing ray hits Ijyb.
Ijyb is moderately wounded. (Press . to maintain the ray.)
* * * LOW HITPOINT WARNING * * *
Your hound bites Ijyb but does no damage.
Ijyb zaps a wand.
The bolt of acid hits you!
You die...

...+........#####
...#.............
#..#.>......g....
##..#........h....
+...#....####.....
......#...#....# ....
#....##...#....# ..
##....##...gh...# .
#.....##..@#....# ..
#.....##...#....... ...
#....##...#.......#
...##....##...#.......#
..............#..<....#
####....######.......#
##'### ....... ##....#
#.....+


You could see Ijyb (ally target) and a friendly hound (summoned).

Vanquished Creatures
  Sigmund (D:2)
  2 scorpions
  A hound (D:4)
  An orc priest (D:4)
  A sleepcap (D:4)
  An orc wizard (D:4)
  6 adders
  2 worms
  4 dart slugs
  2 orcs (D:4)
  4 ball pythons
  8 endoplasms
  A giant cockroach (D:1)
  7 goblins
  3 hobgoblins
  2 jackals (D:2)
  2 quokkas
  4 bats
  2 frilled lizards (D:2)
  8 kobolds
  5 rats
67 creatures vanquished.

Vanquished Creatures (collateral kills)
  2 iguanas (D:5)
2 creatures vanquished.

Grand Total: 69 creatures vanquished

Notes
Turn   | Place    | Note
-------+----------+-------------------------------------------
     0 | D:1      | strifetoe the Djinni Conjurer began the quest for the Orb.
     0 | D:1      | strifetoe set off with the following spells memorised:
                  | Magic Dart, Searing Ray, Dazzling Flash, Fulminant Prism,
                  | Iskenderun's Mystic Blast.
     0 | D:1      | Reached XP level 1. HP: 15/15 MP: 0/0
   249 | D:1      | Reached XP level 2. HP: 14/22 MP: 0/0
   306 | D:1      | Reached skill level 1 in Fighting
   662 | D:1      | Reached XP level 3. HP: 26/27 MP: 0/0
   662 | D:1      | Learned a level 1 spell: Slow
   906 | D:2      | Noticed Sigmund
   927 | D:2      | Killed Sigmund
   928 | D:2      | Reached XP level 4. HP: 9/36 MP: 0/0
   928 | D:2      | Reached XP level 5. HP: 10/40 MP: 0/0
   928 | D:2      | Learned a level 2 spell: Wereblood
   928 | D:2      | Reached XP level 6. HP: 12/46 MP: 0/0
  1994 | D:3      | Found Foocheah's Weapon Shop.
  2097 | D:3      | Found a white marble altar of Elyvilon.
  2667 | D:4      | Reached XP level 7. HP: 49/53 MP: 0/0
  2667 | D:4      | Learned a level 3 spell: Call Canine Familiar
  2809 | D:4      | Reached skill level 5 in Spellcasting
  2809 | D:4      | Reached skill level 5 in Conjurations
  2809 | D:4      | Reached skill level 5 in Hexes
  2809 | D:4      | Reached skill level 5 in Summonings
  2809 | D:4      | Reached skill level 5 in Necromancy
  2809 | D:4      | Reached skill level 5 in Translocations
  2809 | D:4      | Reached skill level 5 in Transmutations
  2809 | D:4      | Reached skill level 5 in Fire Magic
  2809 | D:4      | Reached skill level 5 in Ice Magic
  2809 | D:4      | Reached skill level 5 in Air Magic
  2809 | D:4      | Reached skill level 5 in Earth Magic
  2809 | D:4      | Reached skill level 5 in Poison Magic
  3050 | D:5      | Entered Level 5 of the Dungeon
  3146 | D:5      | Reached skill level 5 in Fighting
  3355 | D:5      | Noticed Ijyb
  3377 | D:5      | Killed from afar by Ijyb

Illustrated notes

Levels and vault maps discovered:
D:1:      denvon_arrival_planthouse, layout_loops_ring
D:2:      layout_loops_corners, uniq_sigmund
D:3:      layout_loops_ring, marbit_many_paths, serial_shops, shop
D:4:      layout_cave_pools
D:5:      layout_gridville, nicolae_overflow_crystal_walls, uniq_ijyb,
          uniq_menkaure

Skill      XL: |  1  2  3  4  5  6  7 |
---------------+----------------------+-----
Fighting       | 1 3 4 5 |  5.2
Spellcasting   | 4 5 |  5.3
Conjurations   | 4 5 |  5.3
Hexes          | 4 5 |  5.3
Summonings     | 4 5 |  5.3
Necromancy     | 4 5 |  5.3
Translocations | 4 5 |  5.3
Transmutations | 4 5 |  5.3
Fire Magic     | 4 5 |  5.3
Ice Magic      | 4 5 |  5.3
Air Magic      | 4 5 |  5.3
Earth Magic    | 4 5 |  5.3
Poison Magic   | 4 5 |  5.3
Dodging        | |  2.1
Stealth        | |  1.5

Action                     |  1- 3 |  4- 6 |  7- 9 || total
---------------------------+-------+-------+-------++-------
  Melee: Unarmed           |     1 |       |       ||     1
   Cast: Magic Dart        |    34 |    91 |    58 ||   183
         Searing Ray       |    10 |     2 |     6 ||    18
         Call Canine Famil |       |       |     5 ||     5
         Iskenderun's Myst |       |       |     1 ||     1
    Use: Potion            |     1 |       |       ||     1
         Scroll            |       |     1 |       ||     1
 Armour: Robe              |    10 |    11 |    15 ||    36
  Dodge: Dodged            |     5 |     9 |    10 ||    24

Table legend: (Time is in decaauts)
 A = Elapsed time spent in this place.
 B = Non-inter-level travel time spent in this place.
 C = Inter-level travel time spent in this place.
 D = Time resting spent in this place.
 E = Time spent auto-exploring this place.
 F = Levels seen in this place.
 G = Mean time per level.
                   A        B        C        D        E       F      G
               +--------+--------+--------+--------+--------+-----+--------+
         Total |   3375 |   3296 |     79 |    435 |   2467 |   5 |  675.0 |
       Dungeon |   3375 |   3296 |     79 |    435 |   2467 |   5 |  675.0 |
               +--------+--------+--------+--------+--------+-----+--------+

Top non-repeatable levels by time:
     D:2: 959 daAuts
     D:1: 714 daAuts
     D:3: 694 daAuts
     D:4: 679 daAuts
     D:5: 326 daAuts
